 Dungeon Crawl Stone Soup version 0.23.0-3-gf3c87f2 (webtiles) character file.

Game seed: 15588311210067531147

5338 JimmahDean the Arsonist (level 10, -3/74 HPs)
             Began as a Demonspawn Fire Elementalist on Feb 23, 2019.
             Was a Believer of Vehumet.
             Slain by a seven-headed hydra (11 damage)
             ... on level 1 of the Lair of Beasts.
             The game lasted 00:42:06 (12587 turns).

JimmahDean the Arsonist (DsFE)                     Turns: 12587, Time: 00:42:07

Health: -3/74      AC:  6    Str: 13    XL:     10   Next: 38%
Magic:  14/23      EV: 10    Int: 20    God:    Vehumet [**....]
Gold:   571        SH:  0    Dex: 17    Spells: 6/15 levels left

rFire    . . .     SeeInvis .   H - +6 flail of the Silent Majority {venom, +Inv rN++ MP+9 Dex+4}
rCold    + . .     Gourm    .   (no shield)
rNeg     + + .     Faith    .   k - +0 ring mail
rPois    .         Spirit   .   (helmet restricted)
rElec    .         Reflect  .   (no cloak)
rCorr    .         Harm     .   J - +0 pair of gloves
MR       .....                  (no boots)
Stlth    ++........             (no amulet)
HPRegen  0.22/turn              F - +4 ring of strength
MPRegen  0.18/turn              u - -3 ring of evasion (curse)

@: no status effects
A: horns 1, cold resistance 1, powered by pain 1, freezing cloud immunity,
sturdy frame 2
a: Renounce Religion, Evoke Invisibility


You were on level 1 of the Lair of Beasts.
You worshipped Vehumet.
Vehumet was pleased with you.
You were not hungry.

You visited 3 branches of the dungeon, and saw 11 of its levels.

You collected 571 gold pieces.

Inventory:

Hand Weapons
 a - the +6 longbow "Anoiteho" {flame, -Tele rElec Str+2 Int+3}
   (You found it on level 8 of the Dungeon)

   It causes projectiles fired from it to burn those they strike, causing extra
   injury to most foes and up to half again as much damage against particularly
   susceptible opponents.
   It affects your strength (+2).
   It affects your intelligence (+3).
   It insulates you from electricity.
   It prevents most forms of teleportation.
 b - a +0 whip
 f - a +0 vampiric whip
 H - the +6 flail of the Silent Majority (weapon) {venom, +Inv rN++ MP+9 Dex+4}
   (You found it on level 9 of the Dungeon)

   It poisons the flesh of those it strikes.
   It affects your dexterity (+4).
   It greatly protects you from negative energy.
   It affects your magic capacity (+9).
   It lets you turn invisible.
Armour
 k - a +0 ring mail (worn)
 y - the +3 shield of Kiecanop {*Slow Dex+2 SInv}
   (You found it on level 5 of the Dungeon)

   It affects your dexterity (+2).
   It lets you see invisible.
   It may slow you when you take damage.
 I - a +0 robe
 J - a +0 pair of gloves (worn)
Jewellery
 p - an uncursed ring of resist corrosion
 u - a cursed -3 ring of evasion (right hand)
 F - a +4 ring of strength (left hand)
Wands
 h - a wand of flame (20)
 v - a wand of acid (8)
 B - a wand of polymorph (8)
 C - a wand of disintegration (25) {@e1}
 E - a wand of clouds (5)
Scrolls
 e - 4 scrolls of fear
 j - 4 scrolls of amnesia
 l - 5 scrolls of enchant weapon
 m - 3 scrolls of magic mapping
 o - 2 scrolls of remove curse {unknown}
 r - 4 scrolls of teleportation {unknown}
 t - a scroll of enchant armour {unknown}
 D - a scroll of random uselessness {unknown}
 G - a scroll of fog {unknown}
Potions
 d - a potion of invisibility {unknown}
 g - 2 potions of haste {unknown}
 i - a potion of mutation {!q}
 n - 2 potions of heal wounds {@q2}
 q - 2 potions of flight
 s - a potion of cancellation {unknown}
 w - 2 potions of brilliance {unknown}
 x - 2 potions of agility {unknown}
 z - 2 potions of berserk rage {unknown}
 A - 2 potions of curing {unknown}
Comestibles
 c - 23 rations {@e1}
 K - 5 chunks of flesh


   Skills:
 - Level 5.1 Fighting
 - Level 3.1 Armour
 - Level 3.2 Dodging
 - Level 1.7 Stealth
 - Level 3.1 Spellcasting
 + Level 8.5 Conjurations
 - Level 10.0 Fire Magic


You had 6 spell levels left.
You knew the following spells:

 Your Spells              Type           Power        Failure   Level  Hunger
a - Flame Tongue          Conj/Fire      #####        1%          1    None
b - Shock                 Conj/Air       ###.         2%          1    None
C - Conjure Flame         Conj/Fire      #####...     1%          3    ###....
F - Sticky Flame          Conj/Fire      #####...     3%          4    ####...

Your spell library contained the following spells:

 Spells                   Type           Power        Failure   Level  Hunger
 Searing Ray              Conj           #####.       1%          2    ##.....
 Throw Flame              Conj/Fire      #####.       1%          2    ##.....
 Inner Flame              Hex/Fire       ###.....     6%          3    ###....
 Static Discharge         Conj/Air       ###.....     9%          3    ###....
 Fireball                 Conj/Fire      #####.....   10%         5    ######.
 Swiftness                Chrm/Air       #.......     24%         2    ##.....
 Lightning Bolt           Conj/Air       ###.......   58%         5    ######.
 Airstrike                Air            #.........   83%         4    ####...


Dungeon Overview and Level Annotations

Branches:
Dungeon (9/15)             Temple (1/1) D:7            Lair (1/6) D:8
    Orc: D:9-12

Altars:
Ashenzari
Cheibriados
Dithmenos
Elyvilon
Fedhas
Gozag
Hepliaklqana
Kikubaaqudgha
Makhleb
Nemelex Xobeh
Okawaru
Qazlal
Ru
Sif Muna
Trog
Uskayaw
Vehumet
Wu Jian
Xom
Yredelemnul
Zin
The Shining One
Lugonu

Annotations:
D:7 2 transporters; Artifact Amulet - Two ugly things


Innate Abilities, Weirdness & Mutations

You have a pair of small horns on your head.
Your flesh is cold resistant. (rC+)
You sometimes gain a little power by taking damage.
You are immune to freezing clouds.
Your movements are less encumbered by armour. (ER -4)


Message History

The seven-headed hydra bites you.
The seven-headed hydra closely misses you.
The seven-headed hydra bites you!
The seven-headed hydra bites you but does no damage.
The seven-headed hydra bites you!
You take 34 damage, and have 40/74 hp.
MASSIVE DAMAGE!!
You now have 15/23 mp.
Aim: a seven-headed hydra (flame, severely wounded)
The flame tongue hits the seven-headed hydra!
The seven-headed hydra is engulfed in blazing flames.
The seven-headed hydra bites you!
* * * LOW HITPOINT WARNING * * *
The seven-headed hydra bites you.
* * * LOW HITPOINT WARNING * * *
The seven-headed hydra bites you!
* * * LOW HITPOINT WARNING * * *
The seven-headed hydra completely misses you.
The seven-headed hydra bites you!
* * * LOW HITPOINT WARNING * * *
The seven-headed hydra bites you!
You die...

... .. #.. .## #
#)##.P #.###....
#.......##
.##..#....P##
............####
#.....รท.##.@D.#####
......#P..#[##.....#
.#.................#..
...#P#####.........../
.# # ###P####..... ###
#.... ###.


You could see a seven-headed hydra.

Vanquished Creatures
  A spiny frog (Lair:1)
  2 hippogriffs
  Grum (D:8)
  3 porcupines
  2 ice beasts
  Duvessa (D:7)
  2 orc warriors
  3 phantoms
  3 black bears (D:8)
  4 wolves
  5 ogres
  4 centaurs
  A crocodile (Lair:1)
  3 big kobolds
  5 bullfrogs
  Dowan (D:7)
  2 scorpions
  6 killer bees
  5 wights (D:6)
  A bullfrog zombie (D:8)
  2 crimson imps
  A jelly (D:8)
  5 orc wizards
  3 orc priests
  8 hounds
  An iguana (D:6)
  3 worker ants
  A killer bee zombie (D:6)
  A hound skeleton (D:7)
  A worker ant zombie (D:6)
  2 howler monkey zombies
  10 adders
  A howler monkey skeleton (D:4)
  A shadow imp (D:7)
  2 oozes
  An adder skeleton (D:6)
  An adder zombie (D:5)
  2 worms
  A dart slug (D:1)
  5 leopard geckos
  28 orcs
  4 giant cockroaches
  7 hobgoblins
  3 jackals (D:2)
  12 kobolds
  4 quokkas
  4 ball pythons
  5 bats (D:1)
  7 frilled lizards
  6 goblins
  A quokka zombie (D:6)
  10 rats
198 creatures vanquished.

Vanquished Creatures (others)
  34 fungi (D:8)
  12 plants (D:8)
46 creatures vanquished.

Grand Total: 244 creatures vanquished

Notes
Turn   | Place    | Note
-------+----------+-------------------------------------------
     0 | D:1      | JimmahDean the Demonspawn Fire Elementalist began the quest
                  | for the Orb.
     0 | D:1      | Reached XP level 1. HP: 13/13 MP: 3/3
   434 | D:1      | Reached skill level 3 in Fire Magic
   434 | D:1      | Gained mutation: Your movements are slightly less
                  | encumbered by armour. (ER -2) [demonic ancestry]
   434 | D:1      | Reached XP level 2. HP: 19/19 MP: 0/5
  1241 | D:2      | Gained mutation: You have a pair of small horns on your
                  | head. [demonic ancestry]
  1241 | D:2      | Reached XP level 3. HP: 24/24 MP: 1/6
  1461 | D:2      | Found a bloodstained altar of Trog.
  1911 | D:2      | Learned a level 3 spell: Conjure Flame
  1974 | D:2      | Reached skill level 4 in Fire Magic
  1974 | D:2      | Gained mutation: Your flesh is cold resistant. (rC+)
                  | [demonic ancestry]
  1974 | D:2      | Reached XP level 4. HP: 30/30 MP: 3/7
  2097 | D:3      | Found a hazy altar of Hepliaklqana.
  2714 | D:3      | Found a white marble altar of Elyvilon.
  2722 | D:3      | Found an ornate altar of the Wu Jian Council.
  2723 | D:3      | Found a burning altar of Makhleb.
  2725 | D:3      | Found a basalt altar of Yredelemnul.
  2727 | D:3      | Found an ancient bone altar of Kikubaaqudgha.
  2907 | D:3      | Found a sacrificial altar of Ru.
  2908 | D:3      | Found a shattered altar of Ashenzari.
  3157 | D:4      | Found an iron altar of Okawaru.
  3567 | D:4      | Gained mutation: Your movements are less encumbered by
                  | armour. (ER -4) [demonic ancestry]
  3567 | D:4      | Reached XP level 5. HP: 35/35 MP: 0/8
  3676 | D:4      | Found a hide-covered altar of Uskayaw.
  4083 | D:4      | Reached skill level 5 in Fire Magic
  4957 | D:5      | Entered Level 5 of the Dungeon
  5012 | D:5      | Reached XP level 6. HP: 41/41 MP: 5/9
  5096 | D:5      | Got a faintly humming shield
  5105 | D:5      | Identified the +3 shield of Kiecanop {*Slow Dex+2 SInv}
                  | (You found it on level 5 of the Dungeon)
  5164 | D:5      | Noticed a hippogriff
  5165 | D:5      | Noticed an ice beast
  5257 | D:5      | Killed a hippogriff
  5460 | D:5      | Reached skill level 6 in Fire Magic
  5460 | D:5      | Reached XP level 7. HP: 46/46 MP: 6/10
  5492 | D:5      | Got a scorched scale mail
  5503 | D:5      | Identified the +6 scale mail of the Salmon {+Inv MP-9
                  | Str+6} (You found it on level 5 of the Dungeon)
  5994 | D:5      | Reached skill level 7 in Fire Magic
  6312 | D:6      | Reached skill level 1 in Fighting
  6627 | D:6      | Gained mutation: You are immune to freezing clouds.
                  | [demonic ancestry]
  6627 | D:6      | Reached XP level 8. HP: 50/56 MP: 3/12
  6850 | D:6      | Learned a level 1 spell: Shock
  7132 | D:6      | Reached skill level 8 in Fire Magic
  7593 | D:7      | Noticed Dowan
  7613 | D:7      | Killed Dowan
  7613 | D:7      | Noticed Duvessa
  7890 | D:7      | Killed Duvessa
  7890 | D:7      | Reached skill level 9 in Fire Magic
  7955 | D:7      | Found a staircase to the Ecumenical Temple.
  7966 | Temple   | Entered the Ecumenical Temple
  8008 | Temple   | Became a worshipper of Vehumet
  8252 | D:7      | Found a transporter.
  8252 | D:7      | Found a corrupted altar of Lugonu.
  8252 | D:7      | Noticed a brown ugly thing
  8253 | D:7      | Noticed a small abomination
  8257 | D:7      | Noticed a white ugly thing
  8326 | D:7      | Reached XP level 9. HP: 22/66 MP: 1/13
  8796 | D:7      | Found a transporter.
  8856 | D:7      | Reached skill level 5 in Fighting
  8941 | D:7      | Reached * piety under Vehumet
  8941 | D:7      | Offered knowledge of Freeze by Vehumet.
  9044 | D:7      | Found a snail-covered altar of Cheibriados.
  9160 | D:8      | Reached skill level 1 in Armour
  9444 | D:8      | Noticed Grum
  9658 | D:8      | Found an opulent altar of Gozag.
  9677 | D:8      | Learned a level 4 spell: Sticky Flame
  9850 | D:8      | Reached skill level 10 in Fire Magic
 10014 | D:8      | Found a staircase to the Lair.
 10057 | D:8      | Reached skill level 5 in Conjurations
 10267 | D:7      | Gained mutation: You sometimes gain a little power by
                  | taking damage. [demonic ancestry]
 10267 | D:7      | Reached XP level 10. HP: 12/74 MP: 2/14
 10654 | D:8      | Reached ** piety under Vehumet
 10675 | D:8      | Offered knowledge of Searing Ray by Vehumet.
 10942 | D:8      | Killed Grum
 11273 | D:8      | Found a deep blue altar of Sif Muna.
 11404 | D:8      | Got a faintly glowing longbow
 11405 | D:8      | Identified the +6 longbow "Anoiteho" {flame, -Tele rElec
                  | Str+2 Int+3} (You found it on level 8 of the Dungeon)
 11705 | D:9      | Got a pitted flail
 11706 | D:9      | Identified the +6 flail of the Silent Majority {venom, +Inv
                  | rN++ MP+9 Dex+4} (You found it on level 9 of the Dungeon)
 11961 | D:9      | Noticed a stone giant
 12339 | Lair:1   | Entered Level 1 of the Lair of Beasts
 12340 | Lair:1   | Noticed a spiny frog
 12576 | Lair:1   | Killed a spiny frog
 12576 | Lair:1   | Noticed a seven-headed hydra
 12587 | Lair:1   | Slain by a seven-headed hydra

Skill      XL: |  1  2  3  4  5  6  7  8  9 10 |
---------------+-------------------------------+-----
Fire Magic     | 3 4 5 6 7 9 10 | 10.0
Conjurations   | 2 3 4 6 8 |  8.5
Spellcasting   | 3 |  3.1
Fighting       | 1 4 5 |  5.1
Dodging        | 3 |  3.2
Armour         | 3 |  3.1
Stealth        | |  1.7

Action                   |  1- 3 |  4- 6 |  7- 9 | 10-12 || total
-------------------------+-------+-------+-------+-------++-------
Melee: Unarmed           |     5 |       |    13 |       ||    18
       Whip              |     5 |     9 |    16 |    10 ||    40
       Headbutt          |       |     1 |     3 |       ||     4
 Cast: Flame Tongue      |    74 |   103 |   299 |    87 ||   563
       Conjure Flame     |       |     2 |     8 |     2 ||    12
       Shock             |       |       |    15 |     7 ||    22
       Sticky Flame      |       |       |       |     4 ||     4
Evoke: Wand              |       |       |     9 |     3 ||    12
  Use: Potion            |       |     1 |       |       ||     1
       Scroll            |       |       |     9 |       ||     9
  Eat: Chunk             |     4 |    13 |    12 |     8 ||    37
       Ration            |       |       |     1 |       ||     1
Armor: Robe              |     5 |       |       |       ||     5
       Ring mail         |     2 |    13 |    44 |    16 ||    75
Dodge: Dodged            |    21 |    25 |   107 |    27 ||   180
